 Dungeon Crawl Stone Soup version 0.28.0 (webtiles) character file.

Game seed: 3339060940843160075

65 HallandMoats the Chopper (level 3, -4/33 HPs)
             Began as a Minotaur Monk on Feb 7, 2022.
             Slain by Sigmund (7 damage)
             ... on level 2 of the Dungeon.
             The game lasted 00:01:26 (1371 turns).

HallandMoats the Chopper (Minotaur Monk)            Turns: 1371, Time: 00:01:27

Health: -4/33      AC:  6    Str: 17    XL:     3   Next: 94%
Magic:  2/2        EV: 10    Int:  7    God:
Gold:   63         SH:  0    Dex: 12    Spells: 2/2 levels left

rFire   . . .      SeeInvis .   a - +0 hand axe
rCold   . . .      Faith    .   (no shield)
rNeg    . . .      Spirit   .   d - +0 scale mail
rPois   .          Reflect  .   (helmet restricted)
rElec   .          Harm     .   (no cloak)
rCorr   .          Rampage  .   (no gloves)
Will    .....                   (no boots)
Stlth   +.........              (no amulet)
HPRegen 0.11/turn               (no ring)
MPRegen 0.08/turn               (no ring)

@: no status effects
A: horns 2, retaliatory headbutt
a: no special abilities


You were on level 2 of the Dungeon.
You visited 1 branch of the dungeon, and saw 2 of its levels.

You collected 63 gold pieces.

Inventory:

Hand Weapons
 a - a +0 hand axe (weapon)
Armour
 d - a +0 scale mail (worn)
Scrolls
 c - a scroll of identify {unknown}


   Skills:
 + Level 4.2 Fighting
 + Level 4.3 Axes
 + Level 3.9 Dodging
 + Level 2.3 Stealth


You had 2 spell levels left.
You didn't know any spells.
Your spell library contained the following spells:

 Spells                   Type           Power      Damage    Failure   Level
 Magic Dart               Conj           0%         1d3       86%         1
 Call Imp                 Summ           0%         N/A       95%         2
 Corpse Rot               Necr/Air       0%         N/A       95%         2
 Mephitic Cloud           Conj/Pois/Air  0%         N/A       99%         3
 Dispel Undead            Necr           0%         3d6       100%        4
 Death Channel            Necr           0%         N/A       100%        6


Dungeon Overview and Level Annotations

Branches:
Dungeon (2/15)

Altars:

Shops:
D:1 (

Annotations:
D:2 Sigmund


Innate Abilities, Weirdness & Mutations

You have a pair of horns on your head.
You reflexively headbutt those who attack you in melee.


Message History

A dart slug is nearby!
A dart slug is nearby!
A dart slug is nearby!
The dart slug launches a dart at you. The slug dart hits you.
You hit the dart slug.
The dart slug is lightly wounded.
You slash the dart slug!
You kill the dart slug!
No target in view!
No target in view!
No target in view!
No target in view!
No target in view!
No target in view!
No target in view!
No target in view!
No target in view!
Found a stone staircase leading up.
Sigmund the Dreaded comes into view.
He is wielding a +0 scythe.
Sigmund shouts!
Sigmund is nearby!
Sigmund is nearby!
Okay, then.
You aren't carrying any potions.
You hit Sigmund.
Sigmund is moderately wounded.
Sigmund gestures wildly while chanting.
Sigmund flickers and vanishes!
Deactivating autopickup; reactivate with Ctrl-A.
Something hits you.
You closely miss something. You miss something. Your headbutt misses something.
Something hits you.
You hit something. Something hits you!
You miss something. You headbutt something. You miss something.
Something hits you!
You hit something. Your headbutt misses something. Something hits you!
* * * LOW HITPOINT WARNING * * *
You closely miss something. You headbutt something. Something hits you!
You die...

###########
#..........
#.......... ####
###.......... ...
##............
#{####.............
###.@..........###.##
#...<..#######.###.#
#.?.####.#######.##..#
#.. ..........##..#
#.. ...........##..##
.. .#..........##.[..
# ..#.###......##.).#
.. #. #.........#.# ..
#≈ #....#.##.#.#


There were no monsters in sight!

Vanquished Creatures
  Natasha (D:1)
  4 dart slugs (D:2)
  4 endoplasms
  A giant cockroach (D:2)
  4 goblins
  A hobgoblin (D:1)
  3 jackals (D:1)
  4 kobolds (D:1)
  2 quokkas (D:1)
  A ball python (D:1)
  A bat (D:1)
  4 rats
30 creatures vanquished.

Notes
Turn   | Place    | Note
-------+----------+-------------------------------------------
     0 | D:1      | HallandMoats the Minotaur Monk began the quest for the Orb.
     0 | D:1      | Reached XP level 1. HP: 19/19 MP: 0/0
   422 | D:1      | Reached XP level 2. HP: 27/27 MP: 1/1
   474 | D:1      | Found Niacra's Weapon Boutique.
   871 | D:2      | Found a faded altar of an unknown god.
   987 | D:2      | Noticed Natasha
   997 | D:2      | Noticed a crimson imp
  1016 | D:1      | Killed Natasha
  1017 | D:1      | Reached XP level 3. HP: 25/33 MP: 2/2
  1362 | D:2      | Noticed Sigmund
  1371 | D:2      | Slain by Sigmund

Illustrated notes

Levels and vault maps discovered:
D:1:      scummos_arrival_star, layout_rooms, serial_shops,
          nicolae_shop_bloodbath_and_beyond, minmay_misc_feat_four_crosses
D:2:      layout_rooms, hellmonk_ecumenical_altar_crossroads, basic_altar,
          corexii_corridor_pit, uniq_natasha, uniq_jessica, uniq_sigmund

Skill      XL: |  1  2 |
---------------+-------+-----
Stealth        | 2 |  2.3
Fighting       | 4 |  4.2
Axes           | 4 |  4.3
Dodging        | |  3.9

Action                   || total
-------------------------++-------
Melee: Hand axe          ||    70
       Headbutt          ||    11
       Punch             ||     1
 Stab: Sleeping          ||     3
Armor: Robe              ||     6
Dodge: Dodged            ||    50
